 Dungeon Crawl Stone Soup version 0.32-a0-898-g7811c86cf0 (webtiles) character file.

Game seed: 16422479364656402777

8622 timneilson the Slicer (level 11, 0/64 HPs)
             Began as a Kobold Enchanter on Apr 5, 2024.
             Was a Follower of Ashenzari.
             Slain by a vampire (1 damage)
             ... on level 10 of the Dungeon.
             The game lasted 00:51:56 (10169 turns).

timneilson the Slicer (Kobold Enchanter)           Turns: 10169, Time: 00:51:56

Health: 0/64       AC: 11    Str:  5    XL:     11   Next: 59%
Magic:  20/20      EV: 19    Int: 18    God:    Ashenzari [*.....]
Gold:   584        SH:  0    Dex: 19    Spells: 20/22 levels left

rFire   + . .        G - +4 dagger (drain)
rCold   . . .        (no shield)
rNeg    . . .        y - +0 troll leather armour "Stars of the Soothsayer" {Regen+, Fort, Range} (curse)
rPois   .            A - +0 helmet
rElec   .            l - +2 cloak of the Sibylline Disgust {Dev, Elem} (curse)
rCorr   .            r - +0 pair of gloves
SInv    .            p - +1 pair of boots
Will    +....        (no amulet)
Stlth   +++++        b - ring of protection from fire
HPRegen 1.10/turn    F - ring of willpower
MPRegen 0.17/turn

%: no passive effects
@: no status effects
A: small, no large weapons, nightstalker 3
a: Renounce Religion, Shatter the Chains


You were on level 10 of the Dungeon.
You worshipped Ashenzari.
Ashenzari was aware of your devotion.
You visited 2 branches of the dungeon, and saw 11 of its levels.
You also visited: Ossuary.

You collected 584 gold pieces.

Inventory:

Hand Weapons
 G - a +4 dagger of draining (weapon)
 H - a +5 dagger
Missiles
 d - 23 poisoned darts (quivered)
 C - 2 curare-tipped darts
Armour
 l - the cursed +2 cloak of the Sibylline Disgust (worn) {Dev, Elem}
   (You found it on level 3 of the Dungeon)

   It has a curse which improves the following skills: Devices: Evocations and
   Shapeshifting.
   Elements:  Fire Magic, Ice Magic, Air Magic and Earth Magic.
 p - a +1 pair of boots (worn)
 r - a +0 pair of gloves (worn)
 y - the cursed +0 troll leather armour "Stars of the Soothsayer" (worn) {Regen+, Fort, Range}
   (You found it on level 9 of the Dungeon)

   Regen+:    It increases your rate of health regeneration.
   It has a curse which improves the following skills: Fortitude: Armour and
   Shields.
   Ranged Combat: Ranged Weapons and Throwing.
 A - a +0 helmet (worn)
Jewellery
 b - a ring of protection from fire (left hand)
 B - a ring of flight
 F - a ring of willpower (right hand)
Wands
 j - a wand of iceblast (16)
 t - a wand of paralysis (6)
 w - a wand of flame (25)
 L - a wand of light (2)
Scrolls
 m - a scroll of silence
 n - 4 scrolls of fog
 o - 2 scrolls of torment
 q - 2 scrolls of teleportation
 u - 4 scrolls of revelation
 x - 2 scrolls of brand weapon
 E - 2 scrolls of enchant armour
 I - a scroll of amnesia
 J - a scroll of identify
Potions
 a - a potion of might
 c - 3 potions of invisibility
 e - 4 potions of haste
 g - 2 potions of brilliance
 h - 2 potions of enlightenment
 i - 2 potions of curing
 k - 2 potions of cancellation
 s - 2 potions of resistance
 v - 2 potions of mutation
 z - 2 potions of lignification
 D - a potion of attraction
 K - a potion of berserk rage


   Skills:
 + Level 5.9 Fighting
 * Level 10.1 Short Blades
 + Level 4.5(5.3) Armour
 * Level 9.6 Dodging
 + Level 8.9 Stealth
 + Level 6.0 Spellcasting
 + Level 4.4 Hexes
 - Level 4.2(5.0) Ice Magic
 + Level 5.9(6.6) Evocations


You had 20 spell levels left.
You knew the following spells:

 Your Spells              Type           Power      Damage    Failure   Level
a - Ensorcelled Hibernat  Hex/Ice        44%        N/A       4%          2

Your spell library contained the following spells:

 Spells                   Type           Power      Damage    Failure   Level
 Jinxbite                 Hex            42%        N/A       4%          2
 Confusing Touch          Hex            21%        N/A       9%          3
 Tukima's Dance           Hex            21%        N/A       9%          3
 Apportation              Tloc           10%        N/A       19%         1
 Magic Dart               Conj           20%        1d4       19%         1
 Hailstorm                Conj/Ice       14%        3d6       21%         3
 Summon Ice Beast         Ice/Summ       14%        N/A       21%         3
 Dazzling Flash           Conj/Hex       26%        N/A       22%         3
 Blink                    Tloc           10%        N/A       28%         2
 Call Imp                 Summ           10%        N/A       28%         2
 Lesser Beckoning         Tloc           10%        N/A       28%         2
 Momentum Strike          Conj/Tloc      10%        3d8       28%         2
 Sublimation of Blood     Necr           5%         N/A       28%         2
 Dimensional Bullseye     Hex/Tloc       6%         N/A       58%         4
 Iskenderun's Mystic Bla Conj/Tloc 5%             2d3        (+2d1     88%         4
 Petrify                  Alch/Erth      5%         N/A       88%         4
 Vhi's Electric Charge    Tloc/Air       10%        N/A       88%         4
 Alistair's Intoxication  Alch           3%         N/A       99%         5
 Arcjolt                  Conj/Air       2%         1d12      99%         5
 Irradiate                Conj/Alch      2%         3d12      99%         5
 Permafrost Eruption      Ice/Erth       7%         2x4d3     100%        6
 Plasma Beam              Fire/Air       2%         2x1d12    100%        6
 Sculpt Simulacrum        Ice/Alch       7%         N/A       100%        6


Dungeon Overview and Level Annotations

Branches:
Dungeon (10/15)            Temple (1/1) D:5            Lair (0/5) D:9
Ossuary (visited)
    Orc: D:9-12

Altars:
Ashenzari
Cheibriados
Dithmenos
Elyvilon
Fedhas
Gozag
Hepliaklqana
Kikubaaqudgha
Makhleb
Nemelex Xobeh
Okawaru
Qazlal
Ru
Sif Muna
Trog
Uskayaw
Vehumet
Wu Jian
Xom
Yredelemnul
Zin
The Shining One
Lugonu

Shops:
D:8 *

Annotations:
D:9 Grum
D:10 2 transporters


Innate Abilities, Weirdness & Mutations

You are small and have problems with some larger weapons.
You are completely attuned to the shadows.


Message History

Something draws strength from your injuries!
Something hits you but does no damage. Something closely misses you.
Something hits you but does no damage. Something bites you.
Something draws strength from your injuries!
Something hits you. Something bites you.
Something draws strength from your injuries!
Something hits you!
* * * LOW HITPOINT WARNING * * *
Something bites you.
* * * LOW HITPOINT WARNING * * *
Something draws strength from your injuries!
You hit something. You hit something but do no damage.
Something barely misses you. x2
You hit something but do no damage. You barely miss something.
Something hits you but does no damage. Something bites you.
* * * LOW HITPOINT WARNING * * *
Something draws strength from your injuries!
You miss something. You hit something but do no damage.
Something hits you but does no damage. Something bites you but does no damage.
You closely miss something.
As you read the scroll of revelation, it crumbles to dust.
You feel aware of your surroundings. The vampire misses you.
The vampire completely misses you. Something hits you.
* * * LOW HITPOINT WARNING * * *
Something barely misses you.
There is a stone staircase leading up here.
As you read the scroll of fear, it crumbles to dust.
You assume a fearsome visage.
Nothing appears to happen.
Something hits you.
* * * LOW HITPOINT WARNING * * *
Something bites you!
* * * LOW HITPOINT WARNING * * *
Something draws strength from your injuries!
Unknown command.
You hit something but do no damage. Something hits you.
* * * LOW HITPOINT WARNING * * *
Something bites you.
You die...

#.........#..........##.#
#.........)...........#.#
........#.............#.#
........##............#.#
..########............#.#
..##........###....##.#.#
..##........'.........#.#
............###.....###.#
............+...@{....#.#
#...........###.#.....#.#######
#...........###.#.#...#.#.....#
............###.#.#.#.#.#.###.#
.....####.......#.#.........#.#
.....# ##.######.#.........#.###
.....#####+### #.#.#............
.....#.......####.#.#.....###.###
.....#.......)....#.###.#.# #.#


There were no monsters in sight!

Vanquished Creatures
  2 two-headed ogres
  Amaemon (D:9)
  Pikel (D:4)
  An unseen horror (D:8)
  A kobold demonologist (D:9)
  Psyche (D:10)
  2 trolls
  Grinder (D:3)
  A hornet (D:10)
  Sigmund (D:4)
  2 shadows
  A wraith (D:9)
  A wyvern (D:10)
  A steam dragon (D:7)
  2 vampire mosquitoes (D:10)
  An ice beast (D:7)
  A sky beast (D:6)
  2 black bears
  2 orc warriors
  3 wolves
  A centaur (D:6)
  2 lemures (D:4)
  2 phantoms
  3 kobold brigands
  2 bullfrogs (D:8)
  2 elf zombies (Ossuary)
  A gnoll sergeant (D:8)
  13 wights
  3 killer bees (D:7)
  2 electric eels (D:9)
  5 centaur zombies (Ossuary)
  11 hounds
  A bombardier beetle (D:5)
  2 human zombies (Ossuary)
  An orc priest (D:8)
  A jelly (D:7)
  2 gnoll boudas
  3 iguanas
  5 orc wizards
  A sleepcap (D:5)
  2 crocodile zombies (Ossuary)
  3 mummies (Ossuary)
  14 gnolls
  9 adders
  A white imp (D:5)
  A dart slug (D:4)
  A ribbon worm (D:2)
  28 orcs
  5 endoplasms
  2 giant cockroaches
  7 goblins
  8 hobgoblins
  12 jackals
  2 quokkas
  5 ball pythons
  4 bats
  5 frilled lizards
  20 kobolds
  9 rats
229 creatures vanquished.

Vanquished Creatures (others)
  A hobgoblin (D:4)
1 creature vanquished.

Grand Total: 230 creatures vanquished

Notes
Turn   | Place    | Note
-------+----------+-------------------------------------------
     0 | D:1      | timneilson the Kobold Enchanter began the quest for the
                  | Orb.
     0 | D:1      | Reached XP level 1. HP: 10/10 MP: 3/3
    61 | D:1      | Reached XP level 2. HP: 15/15 MP: 5/5
    64 | D:1      | Learned a level 2 spell: Ensorcelled Hibernation
   151 | D:1      | Found a faded altar of an unknown god.
   227 | D:1      | Reached skill level 2 in Short Blades
   412 | D:1      | Reached XP level 3. HP: 16/20 MP: 3/6
   722 | D:1      | Reached skill level 1 in Fighting
  1013 | D:2      | Reached XP level 4. HP: 25/25 MP: 7/7
  1387 | D:3      | Reached skill level 1 in Ice Magic
  1596 | D:3      | Reached XP level 5. HP: 29/29 MP: 8/8
  1728 | D:3      | Noticed Grinder
  1735 | D:3      | Paralysed by Grinder for 4 turns
  1743 | D:3      | Paralysed by Grinder for 5 turns
  1759 | D:3      | Paralysed by Grinder for 3 turns
  1769 | D:3      | Killed Grinder
  1770 | D:3      | Reached skill level 3 in Short Blades
  1770 | D:3      | Reached skill level 1 in Armour
  1770 | D:3      | Reached XP level 6. HP: 18/35 MP: 8/10
  2115 | D:3      | You fall into a shaft and drop 2 floors!
  2115 | D:5      | Entered Level 5 of the Dungeon
  2190 | D:4      | Reached skill level 5 in Stealth
  2321 | D:4      | Noticed Sigmund
  2330 | D:4      | Killed Sigmund
  2331 | D:4      | Reached skill level 4 in Short Blades
  2331 | D:4      | Reached skill level 1 in Evocations
  2331 | D:4      | Reached XP level 7. HP: 40/40 MP: 11/11
  2416 | D:4      | Found a sacrificial altar of Ru.
  2421 | D:4      | Noticed Pikel
  2547 | D:4      | Found a glowing silver altar of Zin.
  2547 | D:4      | Found a glowing golden altar of the Shining One.
  2567 | D:4      | Killed Pikel
  2568 | D:4      | Reached skill level 5 in Short Blades
  2568 | D:4      | Reached skill level 5 in Dodging
  2568 | D:4      | Reached XP level 8. HP: 38/45 MP: 8/13
  2943 | D:4      | Found a bloodstained altar of Trog.
  3444 | D:5      | Found a staircase to the Ecumenical Temple.
  3448 | Temple   | Entered the Ecumenical Temple
  4122 | D:6      | Reached skill level 6 in Short Blades
  4187 | D:6      | Reached XP level 9. HP: 47/51 MP: 11/15
  4985 | D:6      | Reached skill level 7 in Short Blades
  5155 | D:7      | Found a sand-covered staircase.
  5161 | Ossuary  | Entered an ossuary
  5716 | D:7      | Reached XP level 10. HP: 53/58 MP: 3/17
  5831 | D:7      | Reached skill level 8 in Short Blades
  5983 | D:7      | Reached skill level 5 in Spellcasting
  6667 | D:8      | Found a shimmering altar of Xom.
  6922 | D:8      | Found Dianunne's Gadget Gallery.
  7015 | D:8      | Killed an unseen horror
  7357 | D:8      | Found a broken altar of Ashenzari.
  7360 | D:8      | Became a worshipper of Ashenzari the Shackled
  7819 | D:9      | Noticed a two-headed ogre
  7824 | D:9      | Killed a two-headed ogre
  7825 | D:9      | Reached skill level 5 in Fighting
  7859 | D:9      | Reached skill level 5 in Evocations
  7891 | D:9      | Noticed a kobold demonologist
  7894 | D:9      | Killed a kobold demonologist
  7895 | D:9      | Reached skill level 9 in Short Blades
  7922 | D:9      | Noticed Amaemon
  7922 | D:9      | Noticed an orange demon
  7959 | D:9      | Killed Amaemon
  7960 | D:9      | Reached XP level 11. HP: 30/64 MP: 16/19
  7967 | D:9      | Noticed Grum
  9233 | D:9      | Found a staircase to the Lair.
  9391 | D:10     | Entered Level 10 of the Dungeon
  9444 | D:10     | Found a transporter.
  9445 | D:10     | Noticed a large abomination
  9445 | D:10     | Noticed a red ugly thing
  9449 | D:10     | Noticed a large abomination
  9449 | D:10     | Noticed a brown ugly thing
  9450 | D:10     | Noticed a red ugly thing
  9451 | D:10     | Found a corrupted altar of Lugonu.
  9777 | D:10     | Reached * piety under Ashenzari
  9778 | D:10     | Noticed Psyche
  9782 | D:10     | Killed Psyche
  9873 | D:10     | Noticed a two-headed ogre
  9876 | D:10     | Killed a two-headed ogre
  9877 | D:10     | Reached skill level 10 in Short Blades
  9972 | D:10     | Found a transporter.
  9973 | D:10     | Noticed a purple ugly thing
 10146 | D:10     | HP: 1/64 [something (19)]
 10168 | D:10     | HP: 1/64 [something (9)]
 10169 | D:10     | Slain by a vampire

Illustrated notes

Levels and vault maps discovered:
D:1:      evilmike_arrival_crescent, layout_basic,
          hellmonk_ecumenical_altar_dog_temple, hangedman_glass_teeth,
          minmay_misc_feat_doors, minmay_domino_4
D:2:      layout_rooms
D:3:      layout_loops_ring, uniq_grinder
D:4:      layout_loops_ring, chequers_temple_overflow_statue_of_worship,
          uniq_pikel, uniq_sigmund
D:5:      layout_basic, minmay_temple_entry_trees, kennysheep_dice
D:6:      layout_loops_ring
D:7:      layout_loops_corners, nicolae_ossuary_entry_monument
D:8:      layout_basic, overflow_temple_1_default, xom_teletrap_fun,
          grunt_decor_fettered, minmay_strange_pillars, nicolae_shop_gadgets
D:9:      layout_basic, erik_lair_island, uniq_grum, uniq_amaemon
D:10:     gammafunk_corrupted_shrine, layout_basic, uniq_psyche
Temple:   minmay_temple_bridge_d

Skill      XL: |  1  2  3  4  5  6  7  8  9 10 11 |
---------------+----------------------------------+-----
Short Blades   | 2 3 4 5 6 7 9 10 | 10.1
Dodging        | 3 4 5 6 7 8 9 |  9.6
Fighting       | 1 2 3 4 5 |  5.9
Ice Magic      | 1 2 3 4 |  4.2
Armour         | 1 2 3 4 |  4.5
Spellcasting   | 3 4 5 6 |  6.0
Stealth        | 5 6 7 8 |  8.9
Evocations     | 1 2 4 5 |  5.9
Hexes          | 4 |  4.4

Action                     |  1- 3 |  4- 6 |  7- 9 | 10-12 || total
---------------------------+-------+-------+-------+-------++-------
  Melee: Dagger            |    81 |   118 |       |   439 ||   638
         Short sword       |       |     9 |   433 |    48 ||   490
   Cast: Ensorcelled Hiber |     6 |     1 |    28 |    31 ||    66
 Invoke: Curse Item        |       |       |       |     2 ||     2
  Evoke: Wand              |       |       |       |     4 ||     4
    Use: Scroll            |     5 |     4 |     7 |     7 ||    23
         Potion            |       |     2 |     1 |    11 ||    14
   Stab: Sleeping          |    19 |    19 |    32 |    29 ||    99
         Distracted        |     2 |       |     1 |     2 ||     5
 Armour: Robe              |    23 |    29 |   140 |    84 ||   276
         Troll leather arm |       |       |       |   131 ||   131
  Dodge: Dodged            |    45 |    55 |   237 |   305 ||   642

Table legend: (Time is in decaauts)
 A = Elapsed time spent in this place.
 B = Non-inter-level travel time spent in this place.
 C = Inter-level travel time spent in this place.
 D = Time resting spent in this place.
 E = Time spent auto-exploring this place.
 F = Levels seen in this place.
 G = Mean time per level.
                   A        B        C        D        E       F      G
               +--------+--------+--------+--------+--------+-----+--------+
         Total |   9833 |   9540 |    293 |   1067 |   2725 |  12 |  819.4 |
       Dungeon |   9627 |   9334 |    293 |   1067 |   2724 |  10 |  962.7 |
        Temple |      1 |      1 |      0 |      0 |      0 |   1 |    1.0 |
       Ossuary |    203 |    203 |      0 |      0 |      1 |   1 |  203.0 |
               +--------+--------+--------+--------+--------+-----+--------+

Top non-repeatable levels by time:
     D:8: 1490 daAuts
     D:7: 1210 daAuts
     D:9: 1193 daAuts
     D:6: 978 daAuts
     D:4: 972 daAuts
     D:1: 945 daAuts
     D:3: 937 daAuts
     D:5: 756 daAuts
    D:10: 739 daAuts
     D:2: 403 daAuts
 Ossuary: 203 daAuts
  Temple: 1 daAuts
